SKY
CALIFORNIA ANGELS @ ARIZONA DIAMONDBACKS
04/15/2052
 
TOP OF THE 1ST
California Angels batting - Pitching for Arizona Diamondbacks : RHP Hunter Halonen
Pitching: RHP Hunter Halonen
Batting: LHB Archer Carol 0-0: Foul Ball, location: 2F
0-1: Ball
1-1: Foul Ball, location: 7LSF
1-2: Foul Ball, location: 2F
1-2: Strikes out looking
Batting: RHB River Grote 0-0: Foul Ball, location: 5DF
0-1: Ball
1-1: Swinging Strike
1-2: Strikes out swinging
Batting: LHB Skyler Angelillo 0-0: Ball
1-0: Foul Ball, location: 2F
1-1: Ball
2-1: Foul Ball, location: 7LDF
2-2: SOLO HOME RUN (Flyball, 7D, EV 95.0 MPH), Distance : 363 ft
Batting: LHB Adrian Phillips 0-0: Ball
1-0: Called Strike
1-1: Swinging Strike
1-2: Ball
2-2: Strikes out looking
Top of the 1st over - 1 run, 1 hit, 0 errors, 0 left on base; California 1 - Arizona 0
BOTTOM OF THE 1ST
Arizona Diamondbacks batting - Pitching for California Angels : RHP Ambler Bateman
Pitching: RHP Ambler Bateman
Batting: RHB Gaius Raton 0-0: Ground out 5-3 (Groundball, 5L, EV 106.3 MPH)
Batting: LHB Wil Solís 0-0: Called Strike
0-1: Ball
1-1: Called Strike
1-2: Foul Ball, location: 2F
1-2: Ball
2-2: Foul Ball, location: 2RF
2-2: Ball
3-2: Fly out, F7 (Flyball, 7D, EV 81.3 MPH)
Batting: LHB Peter Conrad 0-0: Ball
1-0: Ball
2-0: Ball
3-0: Called Strike
3-1: Base on Balls
Batting: LHB Glenn Pichardo 0-0: Ball
1-0: Fly out, F8 (Flyball, 8RS, EV 78.1 MPH)
Bottom of the 1st over - 0 runs, 0 hits, 0 errors, 1 left on base; California 1 - Arizona 0
TOP OF THE 2ND
California Angels batting - Pitching for Arizona Diamondbacks : RHP Hunter Halonen
Batting: RHB Luke Storey 0-0: Foul Ball, location: 5DF
0-1: Ball
1-1: Foul Ball, location: 2F
1-2: Strikes out swinging
Batting: SHB Michael Dodson 0-0: Called Strike
0-1: Ground out 4-3 (Groundball, 4, EV 96.3 MPH)
Batting: LHB Wilfredo Ocanas 0-0: Ball
1-0: SINGLE (Groundball, 6MD, EV 96.9 MPH)
Batting: RHB Isaac Keenan 0-0: Foul Ball, location: 9LSF
0-1: Ball
1-1: Foul Ball, location: 3F
1-2: Ball
2-2: 2-RUN HOME RUN (Flyball, 7LD, EV 92.5 MPH), Distance : 336 ft
Batting: LHB Drury Robinson 0-0: Called Strike
0-1: Ball
1-1: Foul Ball, location: 2F
1-2: Foul Ball, location: 7LSF
1-2: Ball
2-2: Strikes out looking
Top of the 2nd over - 2 runs, 2 hits, 0 errors, 0 left on base; California 3 - Arizona 0
BOTTOM OF THE 2ND
Arizona Diamondbacks batting - Pitching for California Angels : RHP Ambler Bateman
Batting: RHB Duncan Hancock 0-0: Called Strike
0-1: Swinging Strike
0-2: SINGLE (Flyball, 78S, EV 97.5 MPH)
Batting: LHB Michael Freeman 0-0: Foul Ball, location: 2F
0-1: Ball
1-1: Foul Ball, location: 2F
1-2: Ball
2-2: Ball
3-2: 2-RUN HOME RUN (Flyball, 89XD, EV 103.1 MPH), Distance : 425 ft
Batting: RHB Micah Callis 0-0: Foul Ball, location: 5SF
0-1: Ball
1-1: Ball
2-1: Fly out, F9 (Flyball, 89M, EV 82.5 MPH)
Batting: RHB Tadd Bateman 0-0: Called Strike
0-1: Ball
1-1: Swinging Strike
1-2: Ball
2-2: Ball
3-2: Strikes out looking
Batting: RHB Luís Estrada 0-0: Ground out 6-3 (Groundball, 56, EV 84.4 MPH)
Bottom of the 2nd over - 2 runs, 2 hits, 0 errors, 0 left on base; California 3 - Arizona 2
TOP OF THE 3RD
California Angels batting - Pitching for Arizona Diamondbacks : RHP Hunter Halonen
Batting: LHB Archer Carol 0-0: Foul Ball, location: 5F
0-1: Ground out 6-3 (Groundball, 6M, EV 96.3 MPH)
Batting: RHB River Grote 0-0: Called Strike
0-1: Ball
1-1: Ball
2-1: Foul Ball, location: 5FF
2-2: Ball
3-2: Foul Ball, location: 5FF
3-2: Foul Ball, location: 23F
3-2: Fly out, F1 (Line Drive, P, EV 63.1 MPH)
Batting: LHB Skyler Angelillo 0-0: Ball
1-0: Foul Ball, location: 7LMF
1-1: Ball
2-1: Swinging Strike
2-2: Ball
3-2: DOUBLE (Line Drive, 5D, EV 108.1 MPH)
Batting: LHB Adrian Phillips 0-0: Ball
1-0: Ground out 5-3 (Groundball, 56, EV 97.5 MPH)
Top of the 3rd over - 0 runs, 1 hit, 0 errors, 1 left on base; California 3 - Arizona 2
BOTTOM OF THE 3RD
Arizona Diamondbacks batting - Pitching for California Angels : RHP Ambler Bateman
Batting: RHB Gaius Raton 0-0: Ball
1-0: Foul Ball, location: 2F
1-1: Ball
2-1: Swinging Strike
2-2: Strikes out swinging
Batting: LHB Wil Solís 0-0: Foul Ball, location: 2F
0-1: Called Strike
0-2: Fly out, F8 (Flyball, 78M, EV 91.9 MPH)
Batting: LHB Peter Conrad 0-0: Foul Ball, location: 25F
0-1: Foul Ball, location: 2F
0-2: Fly out, F9 (Line Drive, 89S, EV 85.6 MPH)
Bottom of the 3rd over - 0 runs, 0 hits, 0 errors, 0 left on base; California 3 - Arizona 2
TOP OF THE 4TH
California Angels batting - Pitching for Arizona Diamondbacks : RHP Hunter Halonen
Batting: RHB Luke Storey 0-0: Ball
1-0: Foul Ball, location: 9LMF
1-1: SINGLE (Groundball, 34D, EV 99.4 MPH)
Batting: SHB Michael Dodson 0-0: Ball
1-0: Swinging Strike
1-1: Ball
2-1: DOUBLE (Line Drive, 8LXD, EV 110.6 MPH)
Luke Storey to third
Batting: LHB Wilfredo Ocanas 0-0: Ball
1-0: Fly out, F8 (Line Drive, 8RD, EV 109.4 MPH)
Runner from 3rd tags up, OUT at HOME! 8-2
Michael Dodson to third
Batting: RHB Isaac Keenan 0-0: Called Strike
0-1: Foul Ball, location: 9LSF
0-2: Ball
1-2: Ball
2-2: Ball
3-2: Base on Balls
Batting: LHB Drury Robinson 0-0: Ball
1-0: Foul Ball, location: 2F
1-1: Ball
2-1: Fly out, F8 (Flyball, 8RS, EV 85.0 MPH)
Top of the 4th over - 0 runs, 2 hits, 0 errors, 2 left on base; California 3 - Arizona 2
BOTTOM OF THE 4TH
Arizona Diamondbacks batting - Pitching for California Angels : RHP Ambler Bateman
Batting: LHB Glenn Pichardo 0-0: Called Strike
0-1: Called Strike
0-2: SINGLE (Line Drive, 7LS, EV 90.0 MPH)
Batting: RHB Duncan Hancock 0-0: Foul Ball, location: 9LMF
0-1: Ball
1-1: Called Strike
1-2: Foul Ball, location: 23F
1-2: Foul Ball, location: 23FF
1-2: DOUBLE (Flyball, 89D, EV 108.1 MPH)
Glenn Pichardo to third
Batting: LHB Michael Freeman 0-0: Called Strike
0-1: Called Strike
0-2: Ground out U3 (Groundball, 3L, EV 98.1 MPH)
Batting: RHB Micah Callis 0-0: Ball
1-0: Called Strike
1-1: Fly out, F3 (Popup, 3F, EV 67.5 MPH)
Batting: RHB Tadd Bateman 0-0: Ball
1-0: Ball
Passed Ball!
Glenn Pichardo scores
Duncan Hancock to third
2-0: Foul Ball, location: 25F
2-1: DOUBLE (Flyball, 78XD, EV 98.1 MPH)
Duncan Hancock scores
Batting: RHB Luís Estrada 0-0: Ball
1-0: Hit by Pitch
Batting: RHB Gaius Raton 0-0: Ball
1-0: Ball
2-0: Ball
3-0: Called Strike
3-1: Base on Balls
Tadd Bateman to third
Luís Estrada to second
Batting: LHB Wil Solís 0-0: Fielders Choice at 2nd, U4 (Groundball, 4M, EV 87.5 MPH)
Bottom of the 4th over - 2 runs, 3 hits, 0 errors, 3 left on base; California 3 - Arizona 4
TOP OF THE 5TH
California Angels batting - Pitching for Arizona Diamondbacks : RHP Hunter Halonen
Batting: LHB Archer Carol 0-0: Ball
1-0: Ball
2-0: Called Strike
2-1: Foul Ball, location: 2F
2-2: Foul Ball, location: 2LF
2-2: Ball
3-2: Reached on error, E2 (Groundball, 2L, EV 61.9 MPH)
Batting: RHB River Grote 0-0: Called Strike
Archer Carol steals 2nd base (no throw)
0-1: Hit by Pitch
Batting: LHB Skyler Angelillo 0-0: Ball
1-0: Swinging Strike
1-1: SINGLE (Line Drive, 6D, EV 96.9 MPH)
Archer Carol to third
River Grote to second
Runner from 3rd tries for Home, SAFE, throw by LF to home
Batting: LHB Adrian Phillips 0-0: Called Strike
0-1: Foul Ball, location: 3FF
0-2: Strikes out swinging
Batting: RHB Luke Storey 0-0: Ground out 4-3 (Groundball, 4S, EV 70.6 MPH)
River Grote to third
Skyler Angelillo to second
Batting: SHB Michael Dodson 0-0: Called Strike
0-1: Ball
1-1: Ball
2-1: Fly out, F5 (Popup, 5SF, EV 85.0 MPH)
Top of the 5th over - 1 run, 1 hit, 1 error, 2 left on base; California 4 - Arizona 4
BOTTOM OF THE 5TH
Arizona Diamondbacks batting - Pitching for California Angels : RHP Ambler Bateman
Batting: LHB Peter Conrad 0-0: Foul Ball, location: 2F
0-1: Ball
1-1: Ball
2-1: Foul Ball, location: 2F
2-2: Ball
3-2: Strikes out swinging
Batting: LHB Glenn Pichardo 0-0: Foul Ball, location: 2F
0-1: Foul Ball, location: 25F
0-2: Ball
1-2: Hit by Pitch
Batting: RHB Duncan Hancock 0-0: Ball
1-0: Ball
2-0: Ball
3-0: Called Strike
3-1: Foul Ball, location: 5F
3-2: Foul Ball, location: 5SF
3-2: Base on Balls
Glenn Pichardo to second
Batting: LHB Michael Freeman 0-0: Fly out, F9 (Flyball, 9, EV 93.1 MPH)
Batting: RHB Micah Callis 0-0: Called Strike
0-1: Ball
1-1: Ball
2-1: Ball
3-1: Called Strike
3-2: Ground out 5-3 (Groundball, 56, EV 103.8 MPH)
Bottom of the 5th over - 0 runs, 0 hits, 0 errors, 2 left on base; California 4 - Arizona 4
TOP OF THE 6TH
California Angels batting - Pitching for Arizona Diamondbacks : RHP Hunter Halonen
Batting: LHB Wilfredo Ocanas 0-0: SINGLE (Line Drive, 7LS, EV 102.5 MPH)
Batting: RHB Isaac Keenan 0-0: Sac Bunt to 2L - play at second, runner OUT! 2-6
Batting: LHB Drury Robinson 0-0: Ball
1-0: Fly out, F9 (Flyball, 9, EV 94.4 MPH)
Pitching: RHP Russ Gunn
Batting: LHB Archer Carol 0-0: Swinging Strike
0-1: Swinging Strike
0-2: Ball
1-2: Strikes out swinging
Top of the 6th over - 0 runs, 1 hit, 0 errors, 1 left on base; California 4 - Arizona 4
BOTTOM OF THE 6TH
Arizona Diamondbacks batting - Pitching for California Angels : RHP Ambler Bateman
Pitching: LHP Layton Whaley
Batting: RHB Tadd Bateman 0-0: Foul Ball, location: 2F
0-1: Called Strike
0-2: Foul Ball, location: 9LSF
0-2: Ball
1-2: SINGLE (Line Drive, 89S, EV 102.5 MPH)
Batting: RHB Luís Estrada 0-0: Ball
1-0: Ball
2-0: Called Strike
2-1: Called Strike
2-2: Fly out, F6 (Popup, 6, EV 58.8 MPH)
Batting: RHB Gaius Raton 0-0: Called Strike
0-1: Swinging Strike
0-2: Ball
1-2: Strikes out swinging
Batting: LHB Wil Solís 0-0: Ball
1-0: Swinging Strike
1-1: Foul Ball, location: 2F
1-2: Strikes out looking
Bottom of the 6th over - 0 runs, 1 hit, 0 errors, 1 left on base; California 4 - Arizona 4
TOP OF THE 7TH
California Angels batting - Pitching for Arizona Diamondbacks : RHP Russ Gunn
Pitching: RHP Rod Vogt
Batting: RHB River Grote 0-0: Ball
1-0: Fly out, F9 (Flyball, 9, EV 85.6 MPH)
Batting: LHB Skyler Angelillo 0-0: Fly out, F8 (Flyball, 8RS, EV 90.6 MPH)
Batting: LHB Adrian Phillips 0-0: Ground out 4-3 (Groundball, 4D, EV 102.5 MPH)
Top of the 7th over - 0 runs, 0 hits, 0 errors, 0 left on base; California 4 - Arizona 4
BOTTOM OF THE 7TH
Arizona Diamondbacks batting - Pitching for California Angels : LHP Layton Whaley
Batting: LHB Peter Conrad 0-0: Called Strike
0-1: Ball
1-1: Ground out 4-3 (Groundball, 4M, EV 83.8 MPH)
Batting: LHB Glenn Pichardo 0-0: Foul Ball, location: 5F
0-1: Swinging Strike
0-2: Foul Ball, location: 2F
0-2: Ball
1-2: Ball
2-2: Ground out 4-3 (Groundball, 4, EV 83.8 MPH)
Batting: RHB Duncan Hancock 0-0: Called Strike
0-1: Ground out 6-3 (Groundball, 6, EV 83.1 MPH)
Bottom of the 7th over - 0 runs, 0 hits, 0 errors, 0 left on base; California 4 - Arizona 4
TOP OF THE 8TH
California Angels batting - Pitching for Arizona Diamondbacks : RHP Rod Vogt
Batting: RHB Luke Storey 0-0: Ball
1-0: Called Strike
1-1: Ball
2-1: Ground out 5-3 (Groundball, 56, EV 104.4 MPH)
Batting: SHB Michael Dodson 0-0: Fly out, F8 (Flyball, 8LD, EV 102.5 MPH)
Batting: LHB Wilfredo Ocanas 0-0: Ball
1-0: Ball
2-0: Called Strike
2-1: Ground out U3 (Groundball, 13, EV 82.5 MPH)
Top of the 8th over - 0 runs, 0 hits, 0 errors, 0 left on base; California 4 - Arizona 4
BOTTOM OF THE 8TH
Arizona Diamondbacks batting - Pitching for California Angels : LHP Layton Whaley
Pitching: RHP Marc Bernal
Batting: LHB Michael Freeman 0-0: Ball
1-0: Ball
2-0: Called Strike
2-1: Ball
3-1: Foul Ball, location: 7LSF
3-2: Base on Balls
Pinch Hitting: LHB Oliver Paradis 0-0: Ball
1-0: Foul Ball, location: 2F
1-1: Bunted foul
1-2: Ground out 5-3 (Groundball, 56, EV 108.8 MPH)
Michael Freeman to second
Batting: RHB Tadd Bateman 0-0: Intentional Walk
Batting: RHB Luís Estrada 0-0: Grounds into double play, U4-3 (Groundball, 4M, EV 83.1 MPH)
Bottom of the 8th over - 0 runs, 0 hits, 0 errors, 1 left on base; California 4 - Arizona 4
TOP OF THE 9TH
California Angels batting - Pitching for Arizona Diamondbacks : RHP Rod Vogt
Now at 2B: Enrique Mata
Batting: RHB Isaac Keenan 0-0: Swinging Strike
0-1: Ball
1-1: Swinging Strike
1-2: Fly out, F8 (Flyball, 78M, EV 94.4 MPH)
Batting: LHB Drury Robinson 0-0: Called Strike
0-1: Ground out U3 (Groundball, 34, EV 78.1 MPH)
Batting: LHB Archer Carol 0-0: Ball
1-0: Called Strike
1-1: Ball
2-1: Ball
3-1: Called Strike
3-2: Ground out 6-3 (Groundball, 6, EV 83.8 MPH)
Top of the 9th over - 0 runs, 0 hits, 0 errors, 0 left on base; California 4 - Arizona 4
BOTTOM OF THE 9TH
Arizona Diamondbacks batting - Pitching for California Angels : RHP Marc Bernal
Batting: RHB Gaius Raton 0-0: Called Strike
0-1: SINGLE (Groundball, 6S, EV 63.1 MPH) (infield hit)
Batting: LHB Wil Solís 0-0: Sac Bunt to 2R - play at first, batter OUT! 2-3
Gaius Raton to second
Batting: LHB Peter Conrad 0-0: Ball
1-0: Foul Ball, location: 7LSF
1-1: Ball
2-1: SINGLE (Line Drive, 78S, EV 78.1 MPH)
Gaius Raton to third
Batting: LHB Glenn Pichardo 0-0: Foul Ball, location: 5F
0-1: Swinging Strike
0-2: Ball
1-2: Strikes out swinging
Batting: RHB Duncan Hancock 0-0: Ground out 1-3 (Groundball, 13S, EV 60.6 MPH)
Bottom of the 9th over - 0 runs, 2 hits, 0 errors, 2 left on base; California 4 - Arizona 4
TOP OF THE 10TH
California Angels batting - Pitching for Arizona Diamondbacks : RHP Rod Vogt
Pitching: RHP J.R. White
Batting: RHB River Grote 0-0: Ball
1-0: Swinging Strike
1-1: Ball
2-1: Ball
3-1: Called Strike
3-2: Strikes out swinging
Batting: LHB Skyler Angelillo 0-0: Ball
1-0: Swinging Strike
1-1: Swinging Strike
1-2: Ball
2-2: Foul Ball, location: 5F
2-2: Ball
3-2: Strikes out swinging
Batting: LHB Adrian Phillips 0-0: Ball
1-0: DOUBLE (Line Drive, 78D, EV 103.1 MPH)
Batting: RHB Luke Storey 0-0: Swinging Strike
0-1: Ball
1-1: Ball
2-1: SINGLE (Groundball, 34D, EV 105.6 MPH)
Adrian Phillips to third
Runner from 3rd tries for Home, SAFE, throw by RF to home
Luke Storey to second
Batting: SHB Michael Dodson 0-0: Ball
1-0: Ball
2-0: Single, Error in OF, E8, batter to second base (Groundball, 6MD, EV 103.8 MPH)
Luke Storey scores
Pitching: RHP Bill Jurs
Batting: LHB Wilfredo Ocanas 0-0: Ground out 6-3 (Groundball, P, EV 80.6 MPH)
Top of the 10th over - 2 runs, 3 hits, 1 error, 1 left on base; California 6 - Arizona 4
BOTTOM OF THE 10TH
Arizona Diamondbacks batting - Pitching for California Angels : RHP Marc Bernal
Pitching: LHP Brent Sanders
Batting: LHB Michael Freeman 0-0: Ball
1-0: Called Strike
1-1: Ground out 1-3 (Groundball, 13S, EV 56.3 MPH)
Batting: SHB Enrique Mata 0-0: Ball
1-0: Swinging Strike
1-1: Foul Ball, location: 25F
1-2: Foul Ball, location: 2F
1-2: Foul Ball, location: 9LDF
1-2: Hit by Pitch
Batting: RHB Tadd Bateman 0-0: Ball
1-0: Foul Ball, location: 3F
1-1: Foul Ball, location: 2F
1-2: Ball
2-2: Foul Ball, location: 9LSF
2-2: Grounds into double play, 5-4-3 (Groundball, 15, EV 81.9 MPH)
Bottom of the 10th over - 0 runs, 0 hits, 0 errors, 0 left on base; California 6 - Arizona 4
Wednesday, April 17th , 2024 - OOTP Baseball 24.11 Build 85